Map: Abyssal Reef LE

Players

Hymy - Winner!

  • Race: Protoss Protoss
  • Spawn Location: 5:00

ZergGirl

  • Race: Zerg Zerg
  • Spawn Location: 11:00

Event: WCS Montreal 2017

VOD

Have the link to the VOD?

Description

Time

  • Played on: Sept. 8, 2017, 12:33 p.m.
  • Length: 13:58

All games in this series

Show
View Real Time Build Order
Export as new Build Order

Hymy Protoss - Winner!

Build Orders: 1 Gate Expand, Zealot Archon, Dark Templar Rush 

Get SALT Encoding   

  12  0:01  Probe (Chrono Boost)  
  13  0:11  Probe (Chrono Boost)  
  14  0:18  Pylon  
  14  0:22  Probe (Chrono Boost)  
  15  0:36  Probe (Chrono Boost)  
  15  0:39  Gateway  
  16  0:47  Probe (Chrono Boost)  
  16  0:48  Assimilator  
  17  0:57  Probe (Chrono Boost)  
  18  1:08  Probe (Chrono Boost)  
  20  1:18  Probe (Chrono Boost)  
  20  1:27  Nexus  
  20  1:35  Cybernetics Core  
  20  1:38  Probe (Chrono Boost)  
  21  1:45  Assimilator  
  21  1:49  Probe (Chrono Boost)  
  22  1:54  Pylon  
  22  1:59  Probe (Chrono Boost)  
  23  2:12  Probe, Adept (Chrono Boost)  
  23  2:14  Warp Gate  
  26  2:25  Mothership Core (Chrono Boost)  
  28  2:40  Probe (Chrono Boost), Twilight Council  
  28  2:43  Probe (Chrono Boost)  
  32  2:50  Probe (Chrono Boost)  
  33  2:56  Probe (Chrono Boost), Robotics Facility  
  32  3:01  Probe (Chrono Boost)  
  33  3:06  Probe (Chrono Boost)  
  33  3:11  Probe (Chrono Boost)  
  33  3:12  Gateway  
  35  3:17  Probe (Chrono Boost)  
  36  3:22  Probe (Chrono Boost)  
  37  3:27  Probe (Chrono Boost), Dark Shrine  
  37  3:32  Probe (Chrono Boost)  
  39  3:35  Gateway  
  39  3:38  Probe (Chrono Boost)  
  40  3:41  Gateway  
  40  3:47  Warp Prism (Chrono Boost)  
  42  3:49  Probe  
  42  3:51  Probe  
  44  3:56  Pylon  
  44  4:02  Probe  
  45  4:03  Probe (Chrono Boost)  
  45  4:04  Assimilator  
  45  4:07  Assimilator  
  46  4:14  Probe (Chrono Boost)  
  46  4:15  Probe (Chrono Boost)  
  48  4:17  Pylon  
  48  4:29  Pylon  
  48  4:30  Probe (Chrono Boost)  
  49  4:31  Nexus  
  49  4:39  Probe (Chrono Boost)  
  49  4:41  Probe (Chrono Boost)  
  51  4:46  Dark Templar  
  51  4:48  Dark Templar x2  
  51  4:49  Dark Templar  
  51  4:50  Probe (Chrono Boost)  
  51  4:52  Archon x2  
  60  4:54  Probe (Chrono Boost)  
  60  4:57  Observer  
  60  4:59  Pylon  
  62  5:06  Pylon  
  62  5:17  Probe x2 (Chrono Boost)  
  62  5:20  Dark Templar x2  
  68  5:28  Immortal (Chrono Boost)  
  72  5:32  Gateway x2  
  73  5:35  Probe (Chrono Boost)  
  73  5:38  Probe (Chrono Boost)  
  72  5:47  Probe (Chrono Boost)  
  73  5:58  Probe (Chrono Boost)  
  73  6:01  Probe x2  
  74  6:04  Forge  
  74  6:06  Warp Prism (Chrono Boost)  
  74  6:10  Probe  
  77  6:12  Probe x2  
  77  6:14  Dark Templar  
  81  6:18  Sentry  
  81  6:19  Sentry x2  
  81  6:20  Assimilator  
  81  6:22  Probe x2  
  81  6:24  Assimilator  
  81  6:25  Pylon  
  89  6:27  Pylon  
  89  6:28  Probe  
  89  6:30  Archon  
  90  6:34  Probe  
  90  6:36  Protoss Ground Weapons Level 1  
  90  6:37  Templar Archives  
  90  6:38  Probe  
  92  6:42  Probe  
  93  6:47  Probe  
  93  6:48  Probe  
  93  6:53  Probe  
  95  6:55  Gateway  
  95  6:56  Gateway  
  95  6:58  Gateway  
  95  7:00  Pylon  
  96  7:05  Immortal (Chrono Boost)  
  96  7:06  Probe, Nexus  
  96  7:07  Probe  
  102  7:09  Charge  
  102  7:14  Probe  
  102  7:22  Probe x2  
  104  7:28  Psionic Storm  
  105  7:38  Immortal (Chrono Boost)  
  105  7:41  High Templar x2  
  105  7:42  Probe  
  114  7:46  Probe, Pylon  
  114  7:50  Pylon  
  115  7:54  Probe  
  115  7:55  Pylon  
  115  7:57  Pylon x2  
  116  8:01  Pylon  
  116  8:07  Photon Cannon  
  116  8:09  Photon Cannon  
  116  8:17  Protoss Ground Weapons Level 2  
  112  8:20  Immortal (Chrono Boost)  
  112  8:25  High Templar x2  
  112  8:26  High Templar  
  122  8:27  High Templar x2  
  122  8:33  Gateway  
  126  8:34  Gateway  
  126  8:39  Gateway  
  126  8:40  Archon  
  126  8:45  Pylon  
  126  8:50  High Templar x2  
  126  8:51  Pylon  
  130  8:59  Assimilator  
  130  9:03  Assimilator  
  130  9:06  Warp Prism (Chrono Boost)  
  130  9:09  Zealot x4  
  140  9:10  Zealot x3, Robotics Facility  
  140  9:16  Archon  
  138  9:31  Pylon  
  138  9:34  Pylon  
  136  9:42  High Templar x2  
  136  9:44  Zealot  
  136  9:45  Zealot x6  
  136  9:48  Immortal (Chrono Boost)  
  136  9:50  Stargate  
  140  9:55  Archon  
  140  10:00  Archon  
  140  10:01  Archon  
  134  10:08  Zealot x2  
  134  10:09  Zealot x7  
  134  10:12  Immortal (Chrono Boost)  
  140  10:22  High Templar x2  
  140  10:24  Protoss Ground Weapons Level 3  
  140  10:26  Pylon  
  144  10:29  Pylon  
  136  10:41  Stalker x2  
  134  10:43  Oracle  
  134  10:48  Fleet Beacon  
  134  10:49  Immortal (Chrono Boost)  
  137  10:50  Zealot, Pylon  
  137  10:51  Zealot x4  
  137  10:56  Photon Cannon  
  147  10:59  Photon Cannon  
  147  11:02  Photon Cannon  
  147  11:04  Photon Cannon  
  147  11:05  Zealot x5  
  158  11:11  Observer (Chrono Boost)  
  158  11:13  Zealot  
  158  11:14  Zealot  
  159  11:21  Oracle  
  161  11:27  Zealot  
  161  11:28  Zealot x3  
  158  11:35  Zealot  
  158  11:38  Zealot x4  
  149  11:45  Archon  
  145  11:50  Nexus  
  145  11:51  Photon Cannon  
  145  11:52  Probe x2  
  145  11:53  Probe  
  150  11:56  Assimilator  
  150  12:02  Warp Prism (Chrono Boost)  
  146  12:11  High Templar x3  
  146  12:12  High Templar x3, Stargate  
  146  12:13  Stargate  
  160  12:21  Immortal (Chrono Boost)  
  160  12:24  Probe x2  
  160  12:25  Probe  
  160  12:27  Probe  
  160  12:28  Photon Cannon  
  164  12:32  Photon Cannon  
  164  12:33  Immortal (Chrono Boost)  
  164  12:49  Zealot x6  
  180  13:00  Immortal (Chrono Boost)  
  172  13:08  Tempest x2  
  178  13:22  Zealot x6  
  188  13:33  Assimilator  
  180  13:35  Assimilator  
Show
View Real Time Build Order
Export as new Build Order

ZergGirl Zerg 

Build Orders: Hatch First, Lurkers 

Get SALT Encoding   

  12  0:01  Drone  
  13  0:12  Overlord  
  13  0:18  Drone  
  14  0:31  Drone x2  
  14  0:35  Drone  
  17  0:53  Hatchery  
  17  0:57  Drone  
  17  0:59  Drone  
  18  1:07  Drone  
  18  1:08  Extractor  
  18  1:21  Spawning Pool, Drone  
  18  1:29  Drone  
  19  1:39  Overlord  
  19  2:08  Queen x2  
  21  2:09  Metabolic Boost  
  21  2:10  Zergling x2  
  21  2:11  Drone  
  21  2:12  Drone  
  21  2:13  Drone  
  27  2:16  Drone  
  27  2:22  Drone  
  29  2:27  Drone  
  30  2:33  Drone  
  31  2:46  Hatchery  
  31  2:47  Zergling x2  
  31  2:50  Queen  
  33  2:54  Drone  
  33  2:57  Drone  
  35  3:01  Drone  
  36  3:08  Overlord  
  36  3:18  Roach Warren  
  36  3:19  Drone  
  36  3:21  Overlord  
  36  3:23  Overlord  
  36  3:30  Queen  
  36  3:31  Drone x2  
  40  3:34  Drone  
  40  3:41  Zergling x2  
  42  3:42  Drone x3  
  42  3:46  Drone x2  
  47  3:51  Queen  
  47  3:53  Drone  
  47  3:55  Drone  
  51  3:57  Drone  
  51  3:58  Drone  
  53  4:04  Drone x3  
  56  4:14  Evolution Chamber  
  56  4:15  Drone  
  56  4:16  Extractor, Drone x2  
  56  4:17  Drone  
  58  4:23  Lair  
  57  4:33  Roach x4  
  65  4:44  Overlord x2  
  65  4:58  Overlord x2  
  65  4:59  Hatchery  
  64  5:01  Queen  
  66  5:08  Zerg Missile Weapons Level 1  
  66  5:09  Drone x3  
  66  5:17  Drone x7  
  66  5:18  Drone x4  
  66  5:20  Drone  
  66  5:21  Drone  
  79  5:26  Extractor  
  78  5:30  Hydralisk Den  
  77  5:36  Overseer  
  77  5:41  Spore Crawler  
  77  5:42  Overseer  
  73  5:54  Overseer  
  72  5:57  Spore Crawler  
  72  5:58  Drone x8  
  72  5:59  Drone  
  78  6:06  Drone x5  
  84  6:11  Drone  
  84  6:14  Drone  
  84  6:18  Extractor, Drone  
  84  6:20  Muscular Augments  
  84  6:21  Drone x2  
  86  6:28  Drone x5  
  86  6:32  Spore Crawler  
  90  6:34  Drone x3  
  90  6:39  Drone  
  94  6:40  Extractor  
  94  6:42  Drone  
  94  6:44  Extractor  
  94  6:45  Drone x2  
  95  6:47  Drone x2  
  95  6:54  Overlord x2  
  97  6:55  Overlord  
  97  6:56  Roach x2  
  97  6:57  Overseer  
  97  6:58  Overlord  
  97  6:59  Overlord  
  101  7:02  Zerg Ground Armor Level 1  
  101  7:07  Roach, Extractor  
  102  7:08  Overlord x2  
  102  7:09  Overlord x6  
  98  7:18  Roach x4  
  104  7:23  Drone x4  
  102  7:38  Drone  
  102  7:39  Drone x4  
  102  7:41  Lurker Den  
  107  7:44  Drone  
  107  7:45  Drone x2  
  107  7:46  Extractor  
  107  7:47  Hydralisk x5  
  107  7:50  Hydralisk x5  
  129  7:55  Hydralisk x2  
  133  8:02  Hydralisk x2  
  133  8:05  Hydralisk  
  134  8:21  Hydralisk  
  134  8:22  Hydralisk x3  
  134  8:25  Hydralisk x2  
  146  8:33  Hydralisk x3  
  150  8:38  Roach x3  
  150  8:40  Zergling x18  
  150  8:41  Zergling x2  
  168  8:48  Hydralisk x4  
  168  8:51  Zergling x4  
  178  9:03  Spire  
  177  9:14  Roach x2  
  177  9:15  Roach x9  
  199  9:17  Overlord x2  
  199  9:18  Extractor, Hatchery  
  199  9:20  Extractor  
  199  9:21  Extractor  
  199  9:22  Hatchery  
  191  9:26  Extractor, Hydralisk x4  
  175  9:41  Hydralisk x6  
  175  9:44  Hydralisk  
  153  9:50  Zergling x10  
  152  9:52  Overseer  
  152  9:59  Zergling x6  
  145  10:07  Zergling x8  
  145  10:08  Glial Reconstitution  
  129  10:18  Baneling Nest  
  126  10:25  Lurker x4  
  126  10:26  Lurker  
  131  10:32  Lurker  
  129  10:38  Drone  
  130  10:43  Drone x3  
  130  10:44  Drone x3  
  135  10:59  Hydralisk  
  135  11:00  Hydralisk x8  
  144  11:14  Hydralisk x8  
  153  11:20  Hydralisk x3  
  153  11:24  Hydralisk x2  
  150  11:33  Hydralisk x3  
  125  11:51  Lurker  
  125  11:52  Lurker x3  
  125  11:53  Drone x3  
  130  11:54  Drone  
  130  11:56  Drone  
  132  12:05  Queen  
  127  12:13  Hydralisk Den, Drone x10, Queen  
  138  12:19  Centrifical Hooks  
  138  12:21  Zergling x4  
  140  12:43  Zergling x24  
  152  12:46  Baneling x4  
  152  12:47  Mutalisk x3  
  153  13:22  Baneling  
  153  13:23  Baneling x9  
Tags
 
Add a new tag
Caveats
  • Supply blocks, unpowered buildings, or Contaminate may cause inaccurate times.
  • Supply counts are checked every 10 seconds.